Map: Abyssal Reef LE

Players

Yata - Winner!

  • Race: Zerg Zerg
  • League: Platinum
  • Spawn Location: 5:00

A.I. 1 (Very Hard)

  • Race: Zerg Zerg
  • Spawn Location: 11:00

VOD

Have the link to the VOD?

Description

Time

  • Played on: Nov. 4, 2017, 9:07 p.m.
  • Length: 12:09
Show
View Real Time Build Order
Export as new Build Order

Yata Zerg - Winner!

Build Orders: Hatch First 

Get SALT Encoding   

  12  0:01  Drone  
  13  0:14  Drone  
  13  0:19  Overlord  
  14  0:37  Drone x2  
  14  0:38  Drone  
  17  0:56  Hatchery  
  16  0:57  Drone  
  16  1:00  Drone  
  18  1:11  Extractor  
  17  1:17  Spawning Pool  
  16  1:18  Drone  
  16  1:22  Drone  
  18  1:31  Drone  
  19  1:42  Overlord  
  19  1:55  Drone  
  20  2:05  Queen  
  20  2:07  Overlord  
  22  2:10  Queen  
  22  2:14  Zergling x4  
  26  2:19  Metabolic Boost, Drone  
  27  2:25  Drone  
  27  2:29  Drone  
  29  2:39  Drone  
  29  2:40  Baneling Nest  
  29  2:42  Drone  
  29  2:44  Evolution Chamber  
  29  2:47  Overlord  
  29  2:51  Drone  
  30  2:57  Drone  
  31  3:03  Drone  
  32  3:11  Drone  
  33  3:16  Drone  
  33  3:17  Drone x3  
  37  3:20  Drone x2  
  37  3:21  Drone  
  40  3:33  Baneling x2  
  40  3:35  Drone x3  
  44  3:41  Extractor x2, Drone  
  41  3:49  Hatchery  
  41  3:51  Pneumatized Carapace  
  41  3:54  Zergling x4  
  42  3:56  Drone  
  42  3:57  Drone  
  44  4:07  Drone  
  44  4:08  Zergling x8  
  49  4:21  Zergling x2  
  49  4:22  Zergling x6  
  52  4:31  Lair  
  52  4:39  Overlord x3  
  52  4:40  Roach Warren  
  52  4:44  Baneling  
  52  4:45  Baneling x3  
  51  4:54  Zerg Melee Weapons Level 1  
  51  4:57  Queen  
  53  5:03  Drone x8  
  61  5:12  Drone x2  
  61  5:13  Drone x2  
  65  5:16  Queen  
  67  5:25  Roach x3  
  73  5:32  Drone x3  
  73  5:33  Drone  
  73  5:57  Glial Reconstitution  
  73  5:59  Roach x2  
  73  6:00  Roach x4  
  79  6:04  Overlord x4  
  79  6:05  Overlord  
  79  6:13  Centrifical Hooks  
  79  6:14  Zergling x2  
  79  6:15  Zergling x4  
  82  6:22  Queen x2  
  86  6:26  Roach x5  
  86  6:31  Roach x4  
  104  6:35  Zergling x4  
  104  6:36  Zergling x4  
  108  6:46  Roach  
  108  6:47  Roach x3  
  116  6:54  Roach x2  
  116  6:55  Roach  
  119  7:17  Roach  
  119  7:19  Overlord x8  
  121  7:31  Hatchery, Queen  
  121  7:38  Unknown  
  121  7:40  Roach x7  
  124  7:50  Roach x4  
  124  7:51  Roach  
  116  7:54  Roach x3  
  116  7:55  Roach  
  114  8:00  Zerg Missile Weapons Level 1  
  102  8:20  Tunneling Claws  
  102  8:22  Roach x3  
  102  8:23  Roach x6  
  124  8:27  Roach x2  
  124  8:36  Extractor  
  124  8:40  Extractor, Drone x3  
  125  8:42  Drone x3  
  125  8:44  Roach x5  
  125  8:45  Roach  
  140  8:55  Drone x2  
  141  8:56  Drone x2  
  141  8:58  Roach x4  
  152  9:06  Roach  
  152  9:07  Roach x3  
  160  9:30  Roach  
  160  9:31  Roach x11  
  184  9:42  Roach  
  184  9:43  Ravager  
  184  9:44  Ravager  
  188  9:54  Ravager  
  188  9:55  Ravager  
  190  10:06  Zerg Ground Armor Level 1  
  190  10:09  Roach  
  152  10:29  Roach x7  
  152  10:30  Roach x4  
  152  10:32  Roach  
  152  10:33  Roach  
  162  10:40  Roach x4  
  162  10:41  Roach  
  162  10:48  Roach x4  
  170  10:54  Roach x2  
  170  10:55  Roach  
  166  11:22  Roach x3  
  166  11:23  Roach x4  
  166  11:24  Roach x8  
  192  11:28  Roach  
  192  11:29  Roach  
  192  11:32  Overlord x6  
  188  11:50  Roach  
  200  12:01  Infestation Pit  
Show
View Real Time Build Order
Export as new Build Order

A.I. 1 (Very Hard) Zerg 

Build Orders: Pool First 

Get SALT Encoding   

  12  0:00  Drone  
  13  0:12  Overlord  
  13  0:17  Drone  
  14  0:30  Drone x2  
  16  0:42  Spawning Pool  
  16  0:45  Drone  
  16  0:50  Drone  
  17  1:15  Hatchery, Drone  
  17  1:19  Extractor  
  17  1:20  Drone  
  17  1:24  Extractor  
  16  1:26  Drone  
  16  1:30  Drone  
  18  1:38  Drone  
  19  1:49  Overlord  
  19  1:57  Queen  
  21  2:03  Zergling x2  
  22  2:10  Drone  
  23  2:27  Queen  
  25  2:30  Drone  
  26  2:38  Drone  
  26  2:42  Drone  
  28  2:46  Drone  
  29  3:01  Roach Warren, Zergling x2  
  29  3:04  Drone  
  29  3:08  Drone  
  29  3:11  Zergling x2  
  31  3:14  Zergling x2  
  32  3:20  Overlord  
  32  3:25  Drone  
  33  3:28  Drone  
  33  3:31  Zergling x2  
  34  3:42  Roach  
  34  3:43  Roach  
  34  3:44  Roach  
  42  3:48  Roach  
  42  3:51  Zergling x2  
  42  3:53  Zergling x2  
  42  4:02  Lair  
  42  4:07  Overlord  
  42  4:12  Overlord  
  42  4:16  Zergling x2  
  43  4:25  Zergling x4, Drone  
  43  4:27  Drone  
  43  4:30  Drone  
  48  4:32  Drone  
  48  4:36  Drone  
  50  4:39  Roach  
  50  4:43  Roach  
  54  4:47  Overlord  
  54  4:55  Drone  
  54  4:57  Drone  
  54  4:59  Drone  
  57  5:01  Infestation Pit, Drone  
  57  5:06  Hydralisk Den  
  56  5:12  Drone  
  56  5:13  Drone  
  58  5:16  Drone  
  58  5:20  Overlord  
  59  5:21  Drone  
  59  5:23  Drone  
  59  5:25  Drone  
  59  5:27  Drone  
  63  5:29  Drone  
  63  5:31  Drone  
  63  5:33  Drone  
  66  5:36  Hydralisk  
  66  5:37  Hydralisk  
  66  5:40  Overlord  
  70  5:42  Hydralisk  
  70  5:46  Hydralisk  
  70  5:48  Drone  
  70  5:49  Drone  
  74  5:53  Drone  
  74  5:55  Drone  
  75  5:59  Overlord  
  75  6:02  Drone  
  75  6:04  Roach  
  77  6:07  Roach  
  77  6:09  Hydralisk  
  81  6:12  Hydralisk  
  81  6:14  Ravager  
  81  6:17  Roach, Ravager  
  87  6:19  Overlord  
  87  6:22  Roach  
  87  6:23  Roach  
  91  6:35  Evolution Chamber, Hydralisk  
  91  6:37  Overlord, Hydralisk  
  91  6:39  Infestor  
  96  6:44  Hatchery  
  95  6:50  Infestor  
  95  6:53  Roach  
  99  6:55  Roach  
  99  6:57  Overlord  
  101  7:02  Zerg Missile Weapons Level 1  
  101  7:06  Drone, Evolution Chamber  
  101  7:08  Extractor  
  101  7:10  Drone  
  101  7:11  Spine Crawler  
  101  7:13  Drone  
  101  7:15  Overseer  
  101  7:16  Spine Crawler  
  101  7:17  Drone  
  101  7:25  Extractor  
  100  7:31  Overlord, Zerg Ground Armor Level 1, Drone x3  
  100  7:35  Roach  
  104  7:38  Zergling x2  
  100  7:46  Roach  
  100  7:47  Drone x3  
  100  7:50  Zergling x2  
  97  7:57  Hydralisk  
  93  8:05  Hydralisk  
  89  8:08  Hydralisk  
  89  8:12  Roach  
  93  8:14  Hydralisk  
  95  8:23  Roach, Hydralisk  
  95  8:26  Hydralisk  
  101  8:29  Roach, Spore Crawler  
  101  8:30  Drone  
  101  8:31  Roach  
  105  8:40  Hatchery  
  104  8:43  Spore Crawler  
  104  8:44  Drone  
  104  8:46  Roach  
  106  8:49  Hydralisk  
  106  8:52  Hydralisk  
  110  8:56  Overlord  
  110  8:58  Hydralisk  
  110  9:02  Hydralisk  
  114  9:06  Lurker Den  
  114  9:32  Overlord, Overseer  
  114  9:39  Hive  
  114  9:47  Spine Crawler  
  114  9:51  Overlord  
  113  9:53  Drone x3, Queen  
  113  9:54  Drone x4  
  113  9:55  Roach, Drone x2  
  113  9:56  Drone x3  
  113  9:57  Drone  
  113  9:59  Drone  
  131  10:01  Drone  
  131  10:03  Drone  
  131  10:05  Drone  
  131  10:06  Extractor  
  133  10:07  Drone  
  133  10:10  Roach  
  133  10:12  Overlord  
  135  10:14  Zergling x2  
  135  10:17  Roach  
  135  10:18  Roach  
  139  10:22  Roach, Zergling x2  
  139  10:24  Roach  
  139  10:26  Roach  
  139  10:28  Drone x2  
  127  10:30  Roach  
  127  10:31  Roach  
  127  10:33  Roach  
  127  10:34  Roach  
  127  10:35  Zergling x2  
  116  10:37  Hydralisk  
  116  10:40  Hydralisk  
  94  10:43  Hydralisk  
  87  10:50  Viper  
  82  10:58  Zergling x2  
  82  10:59  Zergling x2  
  82  11:01  Hydralisk  
  80  11:06  Drone, Hydralisk x2  
  50  11:38  Hatchery  
Tags
 
League
Platinum
Matchup
ZvZ
Race
Zerg
Replay Pack
Pack 1
Spawn Locations
Cross Positions
Add a new tag
Caveats
  • Supply blocks, unpowered buildings, or Contaminate may cause inaccurate times.
  • Supply counts are checked every 10 seconds.